cohdb
Replays
Latest Replays
All Replays
Popular Replays
Top Player Replays
Match Explorer
How It Works
Community
CoH3 Stats
Reddit
Sign in to upload your games and track your stats! →
Sign in with Steam
Match 45912429
Unlisted
Match 45912429
Overview
Messages
Build Orders
End
Scout Squad
Construct Barracks
1⁄4-ton 4x4 Truck
Riflemen Squad
Riflemen Squad
Riflemen Squad
Infantry Support Center
Construct Motor Pool
M8 Greyhound Armored Car
Selects Armored Battlegroup
Selects Fast Deploy
Selects M8 Scott SPG
M8 Scott SPG
Engineer Squad
Selects Veteran Crews
Selects Field Repairs
Grenade Package
Construct Tank Depot
Selects UNKNOWN (2160077)
Selects War Machine
Construct Tank Depot
M4A3E8 Sherman Easy Eight
Construct Weapon Support Center
Mael Radec
rocketpossum
0
0
Comments
sign in to comment!
No comments posted yet!